 Dungeon Crawl Stone Soup version 0.20.1-1-g8b1a95d (webtiles) character file.

1038 Knicklaso the Transmogrifier (level 8, 0/59 HPs)
             Began as a Yellow Draconian Transmuter on July 15, 2017.
             Slain by Prince Ribbit (19 damage)
             ... on level 5 of the Dungeon.
             The game lasted 00:23:05 (5082 turns).

Knicklaso the Transmogrifier (DrTm)                 Turns: 5082, Time: 00:23:05

Health: 0/59       AC:  6    Str: 14    XL:     8   Next: 4%
Magic:  11/11      EV: 12    Int: 14    God:
Gold:   247        SH:  0    Dex: 12    Spells: 8/11 levels left

rFire    . . .     SeeInvis .     - Unarmed
rCold    . . .     Gourm    .   (no shield)
rNeg     . . .     Faith    +   (armour unavailable)
rPois    .         Spirit   .   (helmet restricted)
rElec    .         Reflect  .   (no cloak)
rCorr    +         Harm     .   (no gloves)
MR       .....                  (no boots)
Stlth    +.........             l - amulet of faith
Regen    0.2/turn               (no ring)
MPRegen  0.2/turn               (no ring)

@: no status effects
A: spit acid, acid resistance, unfitting armour, cold-blooded, AC +6
a: Breathe Acid


You were on level 5 of the Dungeon.
You were not hungry.

You visited 1 branch of the dungeon, and saw 5 of its levels.

You collected 247 gold pieces.

Inventory:

Jewellery
 l - an amulet of faith (around neck)
Wands
 e - a wand of enslavement (16/24)
 o - a wand of digging (4/24)
 r - a wand of confusion (22/48)
 t - a wand of flame (35/48)
Scrolls
 a - a scroll of blinking
 g - 3 scrolls of teleportation
 i - a scroll of recharging {unknown}
 k - 3 scrolls of identify
 m - 5 scrolls of remove curse
Potions
 d - a potion of mutation
 p - a potion of curing {unknown}
 q - a potion of heal wounds
Books
 b - a book of Changes

   Spells                             Type                      Level
   a - Beastly Appendage              Transmutation                1
   b - Sticks to Snakes               Transmutation                2
   c - Spider Form                    Transmutation/Poison         3
   d - Ice Form                       Ice/Transmutation            4
   e - Blade Hands                    Transmutation                5
 h - a book of Conjurations

   Spells                             Type                      Level
   a - Magic Dart                     Conjuration                  1
   b - Searing Ray                    Conjuration                  2
   c - Dazzling Spray                 Conjuration/Hexes            3
   d - Fulminant Prism                Conjuration/Hexes            4
   e - Force Lance                    Conjuration/Translocation    4
   f - Iskenderun's Mystic Blast      Conjuration                  4
 n - a book of Enchantments

   Spells                             Type                      Level
   a - Cause Fear                     Hexes                        4
   b - Yara's Violent Unravelling     Hexes/Transmutation          5
   c - Silence                        Hexes/Air                    5
   d - Deflect Missiles               Charms/Air                   6
   e - Discord                        Hexes                        8
Comestibles
 c - 3 bread rations
 f - a meat ration
 j - 4 royal jellies


   Skills:
 - Level 1.1 Fighting
 - Level 1.7 Dodging
 - Level 6.0 Unarmed Combat
 - Level 2.0 Spellcasting
 + Level 8.0 Transmutations


You had 8 spell levels left.
You knew the following spells:

 Your Spells              Type           Power        Failure   Level  Hunger
a - Beastly Appendage     Tmut           ###...       1%          1    ##.....
b - Sticks to Snakes      Tmut           ###.....     1%          2    ###....


Dungeon Overview and Level Annotations

Branches:
Dungeon (5/15)             Temple (0/1) D:5

Altars:
Gozag
Makhleb
Yredelemnul

Annotations:
D:5 Prince Ribbit


Innate Abilities, Weirdness & Mutations

You can spit globs of acid.
You are resistant to acid.
Your golden yellow scales are hard. (AC +6)
You cannot fit into any form of body armour.
You are cold-blooded and may be slowed by cold attacks.


Message History

You hit Prince Ribbit.
Prince Ribbit is moderately wounded.
Prince Ribbit hits you!
You miss Prince Ribbit.
Prince Ribbit is moderately wounded.
Prince Ribbit closely misses you.
Prince Ribbit hits you but does no damage.
You miss Prince Ribbit.
Prince Ribbit is moderately wounded.
Prince Ribbit blinks!
You barely miss Prince Ribbit. You tail-slap Prince Ribbit.
Prince Ribbit is heavily wounded.
Prince Ribbit closely misses you.
You hit Prince Ribbit.
Prince Ribbit is heavily wounded.
Prince Ribbit hits you!!
You miss Prince Ribbit.
Prince Ribbit is heavily wounded.
Prince Ribbit hits you!!
You die...

# ### . .. .
##.## ...###
....#
#####.#.###.##
#...†......>..
#...).@F....#
#####...........#
#...........#.#.#
#. ##.##########
# #. #.#### # .
.# . #....# #.##.
.# # ####.# .#..
.# # #.# <.# .# #
#.######.##.# #


You could see Prince Ribbit.

Vanquished Creatures
  Edmund (D:5)
  An orc warrior (D:2)
  A phantom (D:3)
  A sky beast (D:5)
  2 ogres (D:4)
  Blork the orc (D:4)
  A scorpion (D:4)
  A bullfrog skeleton (D:4)
  4 orc priests
  2 orc wizards (D:4)
  A worker ant (D:4)
  Robin (D:3)
  3 adders
  A shadow imp (D:5)
  An ooze (D:1)
  2 worms
  3 dart slugs (D:2)
  4 leopard geckos
  18 orcs
  5 ball pythons (D:1)
  8 bats
  6 giant cockroaches
  A gnoll zombie (D:4)
  8 hobgoblins
  5 jackals
  7 kobolds
  3 quokkas
  6 frilled lizards
  14 goblins
  7 rats
119 creatures vanquished.

Notes
Turn   | Place    | Note
-------+----------+-------------------------------------------
     0 | D:1      | Knicklaso the Draconian Transmuter began the quest for the Orb.
     0 | D:1      | Reached XP level 1. HP: 16/16 MP: 3/3
    75 | D:1      | Reached XP level 2. HP: 21/23 MP: 3/5
   113 | D:1      | Reached skill level 3 in Transmutations
   464 | D:1      | Reached XP level 3. HP: 26/28 MP: 4/6
   821 | D:2      | Found a basalt altar of Yredelemnul.
  1124 | D:2      | Reached skill level 4 in Transmutations
  1134 | D:2      | Learned a level 2 spell: Sticks to Snakes
  1390 | D:3      | Noticed an orc warrior
  1495 | D:3      | Reached XP level 4. HP: 35/35 MP: 7/7
  1964 | D:2      | Killed an orc warrior
  1964 | D:2      | Reached XP level 5. HP: 40/40 MP: 2/8
  2306 | D:3      | Found a faded altar of an unknown god.
  2384 | D:3      | Noticed Robin
  2397 | D:3      | Noticed a phantom
  2414 | D:3      | Killed Robin
  2418 | D:3      | Killed a phantom
  2418 | D:3      | Reached skill level 5 in Unarmed Combat
  2472 | D:3      | Reached XP level 6. HP: 38/47 MP: 7/9
  3050 | D:4      | Reached skill level 5 in Transmutations
  3188 | D:4      | Found an opulent altar of Gozag.
  3425 | D:4      | Your scales start taking on a golden yellow colour.
  3425 | D:4      | Reached XP level 7. HP: 40/52 MP: 8/10
  3446 | D:4      | Reached skill level 6 in Transmutations
  4078 | D:4      | Noticed Blork the orc
  4100 | D:4      | Killed Blork the orc
  4100 | D:4      | Reached skill level 7 in Transmutations
  4682 | D:5      | Entered Level 5 of the Dungeon
  4764 | D:5      | Noticed Edmund
  4802 | D:5      | Killed Edmund
  4802 | D:5      | Reached XP level 8. HP: 13/59 MP: 11/11
  4807 | D:5      | Found a staircase to the Ecumenical Temple.
  4923 | D:5      | Found a burning altar of Makhleb.
  5053 | D:5      | Reached skill level 8 in Transmutations
  5067 | D:5      | Noticed Prince Ribbit
  5082 | D:5      | Slain by Prince Ribbit

Skill      XL: |  1  2  3  4  5  6  7  8 |
---------------+-------------------------+-----
Transmutations | 3 4 5 7 8 |  8.0
Unarmed Combat | 4 5 6 |  6.0
Fighting       | |  1.1
Dodging        | |  1.7
Spellcasting   | |  2.0

Action                   |  1- 3 |  4- 6 |  7- 9 || total
-------------------------+-------+-------+-------++-------
Melee: Unarmed           |   156 |   145 |   149 ||   450
       Headbutt          |    10 |     8 |    15 ||    33
       Tailslap          |    11 |    18 |    15 ||    44
       Kick              |    11 |    18 |     8 ||    37
       Punch             |     1 |     1 |     1 ||     3
 Cast: Beastly Appendage |    21 |    15 |    11 ||    47
       Sticks to Snakes  |       |    12 |       ||    12
  Use: Potion            |       |     8 |     1 ||     9
       Scroll            |       |     6 |       ||     6
  Eat: Chunk             |     2 |     2 |     7 ||    11
       Bread ration      |       |     1 |       ||     1
Armor: Skin              |    36 |    28 |    19 ||    83
Dodge: Dodged            |   111 |   104 |    63 ||   278
